TKirby, chaotic female elven Wizard ------- |.....| ##......| ---------------- ######*###################---.--- |...............## #-------------- ### # |..............| # #|............| # # |.............>|#######################.............-######## ### ----.----------- # # |........%...| # ## #### ##########*##*######-.......^....| ### # # ------ # -------------- # # ##` ### |....| ### ---.- # # ##.....| # |...| ########## # |._)%I#### |...| ------I--|-- ### |....| ######%##*#####################-`..| |.._....<..| # |....| |...| |..........| ### ------ |...| |..........| # |...| |..........-### ----- ------------ TKirby the Conjurer Experience level: 4 Strength: 10 Dexterity: 12 Constitution: 15 Intelligence: 20 Wisdom: 12 Charisma: 10 Health: 0(31) Energy: 53(53) Def: 1 Gold: 151 Moves: 3181 Dungeon seed: 5VJVwpjmEuECIVxz Game ID: TKirby_1507309822 Your Inventory: Coins $ - 151 gold pieces Weapons a - a blessed +1 quarterstaff (weapon in hands) Armor e - an uncursed +0 cloak of magic resistance (being worn) Scrolls i - an uncursed scroll of enchant weapon j - an uncursed scroll of food detection k - an uncursed scroll of enchant armor Spellbooks l - a blessed spellbook of force bolt m - an uncursed spellbook of haste self Potions f - an uncursed potion of polymorph g - an uncursed potion of invisibility h - an uncursed potion of fruit juice Rings c - an uncursed ring of warning (on left hand) d - an uncursed ring of teleport control Wands b - a wand of striking (0:8) Tools n - an uncursed wooden harp p - an uncursed tin whistle Spells and supernatural/magical abilities: Name Level Category Fail Memory a - force bolt 1 attack 0% 85% H - haste self 3 escape 71% 85% W - pray for help -- divine ? -- Your skills at the end: Fighting Skills Weapon Skills quarterstaff [Basic] Spellcasting Skills attack spells [Basic] enchantment spells [Basic] Final Attributes: You were piously aligned. You were sleep resistant. You were magic-protected. You were warned. You had infravision. You were lucky. You are dead. Vanquished creatures: an iguana 2 acid blobs a gas spore a hobbit 2 large kobolds a giant rat a cave spider 2 yellow molds 2 red molds 2 gnome zombies 5 geckos 3 jackals 2 foxes 2 kobolds 3 goblins 6 sewer rats 17 grid bugs 5 lichens 13 newts 71 creatures vanquished. Voluntary challenges: You used a wielded weapon 41 times, starting on turn 24. You were illiterate. You never genocided any monsters. You never polymorphed an object. You never changed form. You used no wishes. You never split a pudding. You never wrote Elbereth's name. You never violated your personal moral code. Dungeon overview: The Dungeons of Doom: levels 1 to 2 Level 1 an altar to Anhur, a fountain a long staircase Level 2 <- You were here some altars to Ptah History has recorded: On T:1 you entered the Dungeons of Doom to retrieve the Amulet of Yendor! On T:589 you advanced to experience level 2. On T:777 you advanced to experience level 3. On T:1154 you reached level 2 of The Dungeons of Doom. On T:2022 you advanced to experience level 4. Score breakdown: Gold: 151 ( 7421 points) Experience: 4 levels ( 9649 points) Exploration: 2 levels ( 4.44%) ( 4522 points) Discoveries: 1 item ( 0.36%) ( 1805 points) Valuables value: (no points given unless you survive) Artifact value: 0 ( 0 points) Variety of kills: 19 monsters ( 4.99%) ( 6699 points) Turncount: 3181 turns ( -686 points) Survival: died (score multiplied by 80%) Total score: 23528 Latest messages: You faint from lack of food. You come to. You displace maple. You faint from lack of food. You come to. You faint from lack of food. You come to. You faint from lack of food. You come to. You faint from lack of food. You come to. You faint from lack of food. You come to. You faint from lack of food. You come to. You faint from lack of food. You come to. You faint from lack of food. You come to. You faint from lack of food. It bites! (11x) You come to. You faint from lack of food. It bites! (3x) You die... Final status: Goodbye TKirby the Wizard, killed by an iguana, while fainted from lack of food... You died in The Dungeons of Doom on dungeon level 2 with 23528 points, and 151 pieces of gold, after 3181 moves. You were level 4 with a maximum of 31 hit points when you died.